 Dungeon Crawl Stone Soup version 0.30.1-9-gdf580d7c3d (webtiles) character file.

Game seed: 6099120613563464975

58 Cheops the Sneak (level 4, 0/36 HPs)
             Began as a Naga Fire Elementalist on Oct 13, 2023.
             Slain by an orc
             ... wielding a +0 war axe
              (24 damage)
             ... on level 6 of the Dungeon.
             The game lasted 00:06:51 (2384 turns).

Cheops the Sneak (Naga Fire Elementalist)           Turns: 2384, Time: 00:06:52

Health: 0/36       AC:  7    Str: 11    XL:     4   Next: 2%
Magic:  8/8        EV:  1    Int: 17    God:
Gold:   69         SH:  0    Dex: 11    Spells: 6/9 levels left

rFire   + . .        h - +1 dagger
rCold   . . .        (no shield)
rNeg    . . .        f - +3 leather armour of Follow the Leader {rF+}
rPois   +            j - +0 helmet
rElec   .            (no cloak)
rCorr   .            (no gloves)
SInv    +            (no barding)
Will    .....        (no amulet)
Stlth   ++           l - ring of wizardry
HPRegen 0.26/turn    (no ring)
MPRegen 0.11/turn

%: wizardry (x1)
@: sleeping, very slow
A: AC +1, large, see invisible, deformed body, poison resistance, slowness 2,
spit poison 1, naga tail 1
a: Spit Poison


You were on level 6 of the Dungeon.
You visited 1 branch of the dungeon, and saw 4 of its levels.

You collected 69 gold pieces.

Inventory:

Hand Weapons
 h - a +1 dagger (weapon)
Armour
 a - a +0 robe
 f - the +3 leather armour of Follow the Leader (worn) {rF+}
   (You found it on level 2 of the Dungeon)

   rF:        It protects you from fire.
 j - a +0 helmet (worn)
Jewellery
 l - a ring of wizardry (left hand)
 q - an amulet of faith
Scrolls
 d - a scroll of fear
Potions
 b - a potion of magic
 c - a potion of might
 e - a potion of haste {unknown}
 g - 2 potions of degeneration {unknown}
 k - a potion of flight {unknown}
 o - a potion of brilliance {unknown}
 p - a potion of curing {unknown}


   Skills:
 - Level 1.0 Armour
 - Level 1.5 Dodging
 - Level 3.0 Stealth
 - Level 3.0 Spellcasting
 + Level 2.3 Conjurations
 - Level 3.0 Fire Magic


You had 6 spell levels left.
You knew the following spells:

 Your Spells              Type           Power      Damage    Failure   Level
a - Foxfire               Conj/Fire      44%        2x1d6     3%          1
b - Scorch                Fire           24%        2d6       4%          2

Your spell library contained the following spells:

 Spells                   Type           Power      Damage    Failure   Level
 Inner Flame              Hex/Fire       7%         N/A       16%         3
 Volatile Blastmotes      Fire/Tloc      14%        2d11      16%         3
 Flame Wave               Conj/Fire      11%        2d6       28%         4


Dungeon Overview and Level Annotations

Branches:
Dungeon (3/15)

Altars:

Annotations:
D:6 Maggie


Innate Abilities, Weirdness & Mutations

Your serpentine skin is tough. (AC +1)
You have supernaturally acute eyesight. (SInv)
Armour fits poorly on your strangely shaped body.
Your system is resistant to poisons. (rPois)
You cover ground very slowly.
You can spit poison.
You have a snake-like lower body.


Message History

You barely miss the orc.
The orc is lightly wounded.
The orc barely misses you.
Maggie the Vainglorious comes into view.
She is wielding a +0 glaive.
You hit the orc.
The orc is severely wounded.
The orc hits you with a +0 war axe.
You hit the orc.
The orc is almost dead.
The orc closely misses you.
Blink to where?
Press: ? - help, Dir - move target
As you read the scroll labelled TEDGHI OBYWN, it crumbles to dust.
It was a scroll of blinking.
You open the door.
There is an open door here.
As you read the scroll labelled XEHAOP SUIJIZI, it crumbles to dust.
It is a scroll of enchant weapon.
Your +0 dagger glows red for a moment.
As you read the scroll labelled CISTRA OSESASMIA, it crumbles to dust.
It is a scroll of identify.
c - a potion of might The orc hits you but does no damage.
A wraith comes into view.
The orc barely misses you. The orc attacks as you move away!
The orc misses you.
A sleepcap and an adder come into view.
The orc completely misses you.
Found a sedimented blue potion.
The adder hisses angrily.
The orc attacks as you move away! The orc hits you but does no damage.
The sleepcap releases spores at you but does no damage.
The orc hits you with a +0 war axe.
The sleepcap releases spores at you but does no damage.
The sleepcap attacks as you move away! The sleepcap releases spores at you.
The orc attacks as you move away! The orc hits you with a +0 war axe.
The sleepcap attacks as you move away! The sleepcap releases spores at you. x2
You are engulfed in a cloud of soporific spores!
You fall asleep.
The orc hits you with a +0 war axe!!
Ouch! That really hurt!
You die...

...## .......
.........
..........
..!......##
..........# .
..........####..##
........Wf@......#
........Ko........
........S####+####
.......z##
........###
........#.##
......#z#..##
.....##.'...##
....# #.#....##


You could see a wraith, a kobold brigand, a sleepcap, a wight, an adder and an
orc.

Vanquished Creatures
  An adder (D:3)
  2 worms (D:2)
  2 dart slugs (D:1)
  4 ball pythons
  2 bats (D:1)
  6 endoplasms
  3 giant cockroaches
  A hobgoblin (D:1)
  6 jackals
  2 quokkas
  3 frilled lizards
  A goblin (D:1)
  2 rats
35 creatures vanquished.

Vanquished Creatures (others)
  107 foxfires
107 creatures vanquished.

Grand Total: 142 creatures vanquished

Notes
Turn   | Place    | Note
-------+----------+-------------------------------------------
     0 | D:1      | Cheops the Naga Fire Elementalist began the quest for the
                  | Orb.
     0 | D:1      | Reached XP level 1. HP: 15/15 MP: 3/3
   207 | D:1      | Reached XP level 2. HP: 9/22 MP: 0/5
   988 | D:1      | Learned a level 2 spell: Scorch
  1043 | D:2      | Reached XP level 3. HP: 28/28 MP: 3/7
  1083 | D:2      | Identified the +3 leather armour of Follow the Leader {rF+}
  2069 | D:3      | Reached skill level 1 in Armour
  2291 | D:3      | Reached XP level 4. HP: 36/36 MP: 2/8
  2364 | D:3      | You fall into a shaft and drop 3 floors!
  2366 | D:6      | Noticed a centaur
  2366 | D:6      | Noticed a kobold brigand
  2369 | D:6      | Noticed Maggie
  2378 | D:6      | Noticed a wraith
  2384 | D:6      | Slain by an orc

Illustrated notes

Levels and vault maps discovered:
D:1:      wander_arrival_chamber, layout_loops_ring
D:2:      layout_loops_cross, minmay_bisected
D:3:      layout_basic, nicolae_goblin_pals, uniq_jessica
D:6:      layout_layer_cave, grunt_temple_overflow_opulence,
          minmay_quadrilaterals, uniq_blork_the_orc, uniq_maggie

Skill      XL: |  1  2  3 |
---------------+----------+-----
Spellcasting   | 3 |  3.0
Armour         | 1 |  1.0
Conjurations   | 2 |  2.3
Dodging        | |  1.5
Stealth        | |  3.0
Fire Magic     | |  3.0

Action                     |  1- 3 |  4- 6 || total
---------------------------+-------+-------++-------
  Melee: Unarmed           |     3 |       ||     3
         Dagger            |    11 |     6 ||    17
         Punch             |     1 |       ||     1
   Cast: Foxfire           |    59 |     2 ||    61
         Scorch            |     2 |       ||     2
Ability: Spit Poison       |     7 |     1 ||     8
    Use: Scroll            |       |     4 ||     4
 Armour: Leather armour    |    19 |     6 ||    25
  Dodge: Dodged            |    15 |     6 ||    21
